 Dungeon Crawl Stone Soup version 0.27-a0-46-g34d46f0a3f (webtiles) character file.

Game seed: 11972379501622648192

5412 pistachioham the Ducker (level 10, -1/76 HPs)
             Began as a Gnoll Arcane Marksman on Jan 6, 2021.
             Was a Priest of Sif Muna.
             Slain by a warg (9 damage)
             ... on level 8 of the Dungeon on Jan 7, 2021.
             The game lasted 01:12:28 (9905 turns).

pistachioham the Ducker (Gnoll Arcane Marksman)     Turns: 9905, Time: 01:12:28

Health: -1/76      AC: 11    Str: 14    XL:     10   Next: 67%
Magic:  10/28      EV: 16    Int: 17    God:    Sif Muna [***...]
Gold:   542        SH:  0    Dex: 16    Spells: 4/21 levels left

rFire    + . .     SeeInvis .   w - +6 scimitar
rCold    + . .     Faith    .   (no shield)
rNeg     . . .     Spirit   .   I - +2 leather armour {rC+}
rPois    .         Reflect  .   s - +0 helmet
rElec    .         Harm     .   D - +0 cloak
rCorr    .         Rampage  .   (no gloves)
Will     .....                  U - +2 pair of boots
Stlth    +++.......             (no amulet)
HPRegen  0.22/turn              x - ring of magical power
MPRegen  0.21/turn              Q - ring of protection from fire

@: very slightly contaminated, invisible
A: distributed training, fangs 1, strong nose
a: Renounce Religion, Channel Magic, Forget Spell


You were on level 8 of the Dungeon.
You worshipped Sif Muna.
Sif Muna was most pleased with you.
You visited 2 branches of the dungeon, and saw 9 of its levels.
You also visited: Ossuary.

You collected 542 gold pieces.

Inventory:

Hand Weapons
 i - a +0 hand axe
 w - a +6 scimitar (weapon)
Missiles
 b - 237 stones
 c - 5 javelins (quivered)
 M - 9 poisoned darts
 P - 4 curare-tipped darts
Armour
 s - a +0 helmet (worn)
 D - a +0 cloak (worn)
 E - a +4 ring mail
 I - a +2 leather armour of cold resistance (worn)
 U - a +2 pair of boots (worn)
Jewellery
 h - an uncursed ring of flight
 n - an uncursed ring of see invisible
 x - a ring of magical power (left hand)
 z - an uncursed ring of magical power
 F - a +6 ring of strength
 J - an uncursed ring of resist corrosion
 N - a +6 ring of intelligence
 Q - a ring of protection from fire (right hand)
Wands
 a - a wand of enslavement (2)
 r - a wand of flame (18)
 y - a wand of iceblast (2)
 O - a wand of disintegration (17)
 V - a wand of acid (5)
Scrolls
 d - a scroll of immolation
 f - 4 scrolls of teleportation
 g - 7 scrolls of identify
 k - 3 scrolls of blinking
 m - 4 scrolls of enchant weapon
 q - 2 scrolls of amnesia
 u - 6 scrolls of remove curse
 G - 2 scrolls of enchant armour
 S - 2 scrolls of magic mapping
 Y - a scroll of fear
Potions
 e - a potion of lignification {unknown}
 l - a potion of resistance
 t - 2 potions of brilliance
 v - 3 potions of attraction {unknown}
 B - 2 potions of degeneration {unknown}
 C - 2 potions of magic
 K - a potion of berserk rage {unknown}
 R - 2 potions of curing {unknown}
 T - 2 potions of haste
 W - a potion of mutation {unknown}
 X - a potion of might {unknown}


   Skills:
 + Level 6.1 Fighting
 + Level 5.5 Short Blades
 + Level 5.5 Long Blades
 + Level 5.5 Axes
 + Level 5.5 Maces & Flails
 + Level 5.5 Polearms
 + Level 5.5 Staves
 + Level 5.5 Slings
 + Level 5.5 Bows
 + Level 5.5 Crossbows
 + Level 7.2 Throwing
 + Level 5.5 Armour
 + Level 7.2 Dodging
 + Level 5.5 Stealth
 + Level 5.5 Shields
 + Level 5.5 Unarmed Combat
 + Level 6.2 Spellcasting
 + Level 4.5 Conjurations
 + Level 7.2 Hexes
 + Level 4.5 Summonings
 + Level 4.5 Necromancy
 + Level 4.5 Translocations
 + Level 4.5 Transmutations
 + Level 4.5 Fire Magic
 + Level 4.5 Ice Magic
 + Level 4.5 Air Magic
 + Level 4.5 Earth Magic
 + Level 4.5 Poison Magic
 + Level 6.0 Invocations
 + Level 5.5 Evocations


You had 4 spell levels left.
You knew the following spells:

 Your Spells              Type           Power        Failure   Level
a - Corona                Hex            32%          1%          1
b - Slow                  Hex            29%          1%          2
c - Portal Projectile     Hex/Tloc       50%          4%          3
d - Inner Flame           Hex/Fire       25%          4%          3
e - Cause Fear            Hex            14%          8%          4
f - Leda's Liquefaction   Hex/Erth       12%          14%         4

Your spell library contained the following spells:

 Spells                   Type           Power        Failure   Level
 Confusing Touch          Hex            29%          2%          3
 Gell's Gravitas          Tloc           10%          7%          3
 Petrify                  Tmut/Erth      20%          24%         4
 Metabolic Englaciation   Hex/Ice        12%          36%         5
 Yara's Violent Unravell  Hex/Tmut       12%          36%         5


Dungeon Overview and Level Annotations

Branches:
Dungeon (8/15)             Temple (1/1) D:7         Ossuary (visited)
   Lair: D:8-11

Altars:
Ashenzari
Cheibriados
Dithmenos
Fedhas
Kikubaaqudgha
Makhleb
Nemelex Xobeh
Okawaru
Ru
Sif Muna
Uskayaw

Annotations:
D:7 3 runed translucent doors, SkiChan's ghost, novice MiFi


Innate Abilities, Weirdness & Mutations

Your experience applies equally to all skills.
You have very sharp teeth.
Your uncanny sense of smell can sniff out nearby items.


Message History

Aiming: Corona (safe; 1% risk of failure)
Press: ? - help, Shift-Dir - straight line, f - warg
Aim: a warg (lightly wounded, chance to affect: 51%)
The warg resists with significant effort.
The warg completely misses you. The warg bites you.
* * * LOW HITPOINT WARNING * * *
You hit the warg. You bite the warg, but do no damage.
The warg is moderately wounded.
The warg bites you!
* * * LOW HITPOINT WARNING * * *
You barely miss the warg.
The warg is moderately wounded.
The warg barely misses you.
You riposte.
You closely miss the warg. Your bite misses the warg.
The warg is moderately wounded.
The warg closely misses you.
You slash the warg!
The warg is heavily wounded.
The warg bites you!
You die...

# ∆∆ #+#
..#######################
o.#....h((((○............
###≈≈≈≈h≈≈(§≈§≈≈≈≈≈≈≈≈≈≈≈
≈≈≈≈≈≈≈≈≈≈≈☼§≈≈≈≈≈≈≈≈≈≈≈≈
≈(≈≈≈≈≈≈≈≈≈§≈≈≈≈≈≈≈≈≈≈≈≈≈
...)......P.((..h........
........P...(...@........
#########################


You could see a warg.

Vanquished Creatures
  2 two-headed ogres (D:8)
  Prince Ribbit (D:5)
  7 wargs (D:8)
  Duvessa (D:6)
  2 sky beasts
  An orc warrior (D:8)
  2 ice beasts
  2 black bears (D:7)
  2 phantoms
  5 ogres
  An elf zombie (Ossuary)
  Blork the orc (D:6)
  A big kobold (D:7)
  A bullfrog (D:7)
  4 scorpions
  Dowan (D:6)
  A killer bee (D:8)
  3 wights (D:7)
  3 howler monkeys
  3 centaur zombies
  2 jellies
  2 bullfrog zombies (D:8)
  2 hounds
  A centaur skeleton (D:6)
  2 human zombies (Ossuary)
  An orc wizard (D:8)
  A bullfrog skeleton (D:8)
  A gnoll shaman (D:4)
  3 iguanas
  3 worker ants
  A big kobold zombie (Ossuary)
  A hound zombie (D:6)
  2 mummies (Ossuary)
  10 gnolls
  10 adders
  A white imp (D:6)
  An ufetubus (D:8)
  An ooze (D:3)
  An adder zombie (Ossuary)
  A worm (D:2)
  3 adder skeletons (D:4)
  2 dart slugs
  9 leopard geckos
  14 orcs
  3 giant cockroaches
  8 goblins
  4 hobgoblins
  3 quokkas
  2 ball pythons
  5 bats
  9 frilled lizards
  A giant cockroach zombie (D:5)
  2 goblin zombies (Ossuary)
  7 hobgoblin zombies (Ossuary)
  2 jackal zombies (Ossuary)
  8 kobolds
  12 kobold zombies (Ossuary)
  A leopard gecko skeleton (D:6)
  A leopard gecko zombie (D:5)
  7 orc zombies (Ossuary)
  A quokka skeleton (D:6)
  10 rats
205 creatures vanquished.

Vanquished Creatures (others)
  A plant (D:8)
1 creature vanquished.

Grand Total: 206 creatures vanquished

Notes
Turn   | Place    | Note
-------+----------+-------------------------------------------
     0 | D:1      | pistachioham the Gnoll Arcane Marksman began the quest for
                  | the Orb.
     0 | D:1      | Reached XP level 1. HP: 17/17 MP: 4/4
   193 | D:1      | Reached XP level 2. HP: 19/23 MP: 5/5
   445 | D:1      | Found a broken altar of Ashenzari.
  1176 | D:2      | Reached XP level 3. HP: 28/28 MP: 5/7
  1334 | D:2      | Reached skill level 1 in Invocations
  1482 | D:2      | Reached skill level 1 in Short Blades
  1482 | D:2      | Reached skill level 1 in Long Blades
  1482 | D:2      | Reached skill level 1 in Axes
  1482 | D:2      | Reached skill level 1 in Maces & Flails
  1482 | D:2      | Reached skill level 1 in Polearms
  1482 | D:2      | Reached skill level 1 in Staves
  1482 | D:2      | Reached skill level 1 in Slings
  1482 | D:2      | Reached skill level 1 in Bows
  1482 | D:2      | Reached skill level 1 in Crossbows
  1482 | D:2      | Reached skill level 1 in Armour
  1482 | D:2      | Reached skill level 1 in Stealth
  1482 | D:2      | Reached skill level 1 in Shields
  1482 | D:2      | Reached skill level 1 in Unarmed Combat
  1482 | D:2      | Reached skill level 1 in Evocations
  1625 | D:2      | Learned a level 2 spell: Slow
  1629 | D:2      | Learned a level 3 spell: Portal Projectile
  1880 | D:2      | Reached XP level 4. HP: 31/34 MP: 8/8
  2388 | D:3      | Reached skill level 1 in Conjurations
  2388 | D:3      | Reached skill level 1 in Summonings
  2388 | D:3      | Reached skill level 1 in Necromancy
  2388 | D:3      | Reached skill level 1 in Translocations
  2388 | D:3      | Reached skill level 1 in Transmutations
  2388 | D:3      | Reached skill level 1 in Fire Magic
  2388 | D:3      | Reached skill level 1 in Ice Magic
  2388 | D:3      | Reached skill level 1 in Air Magic
  2388 | D:3      | Reached skill level 1 in Earth Magic
  2388 | D:3      | Reached skill level 1 in Poison Magic
  2871 | D:3      | Found a shadowy altar of Dithmenos.
  2871 | D:3      | Found a shimmering blue altar of Sif Muna.
  2878 | D:3      | Found a faded altar of an unknown god.
  2883 | D:3      | Found an iron altar of Okawaru.
  2885 | D:3      | Found a sparkling altar of Nemelex Xobeh.
  2913 | D:3      | Learned a level 3 spell: Inner Flame
  2913 | D:3      | Became a worshipper of Sif Muna the Loreminder
  2966 | D:3      | Reached XP level 5. HP: 40/40 MP: 9/9
  3116 | D:4      | Found a sacrificial altar of Ru.
  3390 | D:4      | Reached XP level 6. HP: 47/47 MP: 10/10
  3641 | D:4      | Reached skill level 5 in Throwing
  3641 | D:4      | Reached skill level 5 in Dodging
  3669 | D:4      | Reached XP level 7. HP: 23/52 MP: 12/12
  3970 | D:4      | Found a hide-covered altar of Uskayaw.
  3978 | D:4      | Found a snail-covered altar of Cheibriados.
  3978 | D:4      | Found a blossoming altar of Fedhas.
  3978 | D:4      | Found a burning altar of Makhleb.
  4097 | D:5      | Entered Level 5 of the Dungeon
  4097 | D:5      | Noticed Prince Ribbit
  4109 | D:5      | Killed Prince Ribbit
  4321 | D:5      | Found an ancient bone altar of Kikubaaqudgha.
  4489 | D:5      | Reached * piety under Sif Muna
  4607 | D:5      | Found a sparkling altar of Nemelex Xobeh.
  4892 | D:6      | Noticed Blork the orc
  4899 | D:6      | Reached XP level 8. HP: 60/60 MP: 14/14
  5254 | D:6      | Noticed Dowan
  5288 | D:6      | Noticed Duvessa
  5299 | D:6      | Killed Dowan
  5314 | D:6      | Killed Duvessa
  5680 | D:6      | Killed Blork the orc
  6313 | D:7      | Reached XP level 9. HP: 66/66 MP: 16/16
  6372 | D:7      | Noticed SkiChan's ghost (novice MiFi)
  6373 | D:7      | Noticed a deep elf mage
  6382 | D:7      | Found a runed translucent gate.
  6382 | D:7      | Found a runed translucent gate.
  6382 | D:7      | Found a runed translucent gate.
  6398 | D:7      | Found a staircase to the Ecumenical Temple.
  6502 | D:7      | Reached ** piety under Sif Muna
  6592 | Temple   | Entered the Ecumenical Temple
  7089 | D:7      | Reached skill level 5 in Spellcasting
  7258 | D:7      | Learned a level 4 spell: Cause Fear
  7263 | D:7      | Learned a level 4 spell: Leda's Liquefaction
  7390 | D:8      | Found a sand-covered staircase.
  7396 | Ossuary  | Entered an ossuary
  7832 | Ossuary  | Reached skill level 5 in Fighting
  8583 | D:7      | Reached *** piety under Sif Muna
  8971 | D:8      | Reached skill level 5 in Invocations
  9021 | D:8      | Noticed a two-headed ogre
  9097 | D:8      | Noticed a two-headed ogre
  9107 | D:8      | Killed a two-headed ogre
  9108 | D:8      | Reached XP level 10. HP: 76/76 MP: 18/18
  9229 | D:8      | Killed a two-headed ogre
  9230 | D:8      | Reached skill level 5 in Short Blades
  9230 | D:8      | Reached skill level 5 in Long Blades
  9230 | D:8      | Reached skill level 5 in Axes
  9230 | D:8      | Reached skill level 5 in Maces & Flails
  9230 | D:8      | Reached skill level 5 in Polearms
  9230 | D:8      | Reached skill level 5 in Staves
  9230 | D:8      | Reached skill level 5 in Slings
  9230 | D:8      | Reached skill level 5 in Bows
  9230 | D:8      | Reached skill level 5 in Crossbows
  9230 | D:8      | Reached skill level 5 in Armour
  9230 | D:8      | Reached skill level 5 in Stealth
  9230 | D:8      | Reached skill level 5 in Shields
  9230 | D:8      | Reached skill level 5 in Unarmed Combat
  9230 | D:8      | Reached skill level 5 in Evocations
  9905 | D:8      | Slain by a warg

Illustrated notes

Levels and vault maps discovered:
D:1:      dpeg_arrival_arbitrary_b, layout_basic, minmay_misc_feat_roman,
          evilmike_ruin_ashenzari
D:2:      layout_basic
D:3:      layout_loops_ring, chequers_temple_overflow_minitemple,
          ebering_dispersal_statue_hall, nrook_uturn
D:4:      layout_cave_pools, minitemple, nicolae_ru_awakened_eye
D:5:      layout_rooms, kiku_gazebo_pond_becter, nemelex_spade_bored_becter,
          uniq_prince_ribbit1
D:6:      layout_loops_cross, minmay_quadrilaterals, uniq_blork_the_orc,
          uniq_duvessa
D:7:      layout_gridville, minmay_temple_entry_hall, gammafunk_ghost_split
D:8:      lemuel_castle_with_subvaults [lemuel_castle_interior_original],
          layout_loops_ring, enter_ossuary_1, kennysheep_kite_vault, uniq_psyche
Temple:   dshaligram_water_room_temple

Skill      XL: |  1  2  3  4  5  6  7  8  9 10 |
---------------+-------------------------------+-----
Invocations    | 1 2 3 4 5 6 |  6.0
Short Blades   | 1 2 3 4 5 |  5.5
Long Blades    | 1 2 3 4 5 |  5.5
Axes           | 1 2 3 4 5 |  5.5
Maces & Flails | 1 2 3 4 5 |  5.5
Polearms       | 1 2 3 4 5 |  5.5
Staves         | 1 2 3 4 5 |  5.5
Slings         | 1 2 3 4 5 |  5.5
Bows           | 1 2 3 4 5 |  5.5
Crossbows      | 1 2 3 4 5 |  5.5
Armour         | 1 2 3 4 5 |  5.5
Stealth        | 1 2 3 4 5 |  5.5
Shields        | 1 2 3 4 5 |  5.5
Unarmed Combat | 1 2 3 4 5 |  5.5
Evocations     | 1 2 3 4 5 |  5.5
Spellcasting   | 3 4 5 6 |  6.2
Conjurations   | 1 2 3 4 |  4.5
Summonings     | 1 2 3 4 |  4.5
Necromancy     | 1 2 3 4 |  4.5
Translocations | 1 2 3 4 |  4.5
Transmutations | 1 2 3 4 |  4.5
Fire Magic     | 1 2 3 4 |  4.5
Ice Magic      | 1 2 3 4 |  4.5
Air Magic      | 1 2 3 4 |  4.5
Earth Magic    | 1 2 3 4 |  4.5
Poison Magic   | 1 2 3 4 |  4.5
Fighting       | 3 4 5 6 |  6.1
Throwing       | 5 6 7 |  7.2
Dodging        | 5 6 7 |  7.2
Hexes          | 6 7 |  7.2

Action                   |  1- 3 |  4- 6 |  7- 9 | 10-12 || total
-------------------------+-------+-------+-------+-------++-------
Melee: Unarmed           |     4 |       |       |       ||     4
       Short sword       |    98 |    31 |       |       ||   129
       Bite              |     5 |    14 |    22 |     8 ||    49
       Rapier            |       |    75 |   185 |       ||   260
       Punch             |       |       |     7 |       ||     7
       Scimitar          |       |       |    13 |    54 ||    67
Throw: Javelin           |    13 |    26 |    75 |    17 ||   131
       Stone             |       |     7 |   119 |    13 ||   139
       Throwing net      |       |     2 |       |       ||     2
       Dart              |       |       |    31 |    13 ||    44
 Cast: Corona            |    30 |    16 |    42 |     8 ||    96
       Slow              |       |     6 |    11 |     2 ||    19
       Inner Flame       |       |     1 |    12 |     7 ||    20
       Portal Projectile |       |       |    15 |     1 ||    16
       Leda's Liquefacti |       |       |     1 |     1 ||     2
Invok: Channel Magic     |       |       |     1 |       ||     1
Evoke: Wand              |       |       |     6 |     1 ||     7
  Use: Scroll            |       |       |    17 |     1 ||    18
       Potion            |       |       |     2 |     1 ||     3
 Stab: Sleeping          |     3 |     2 |       |       ||     5
       Distracted        |       |       |     1 |       ||     1
Armor: Robe              |    18 |    21 |       |       ||    39
       Leather armour    |       |       |    44 |    19 ||    63
Dodge: Dodged            |    73 |    98 |   164 |    76 ||   411
       Rpst.: Scimitar   |       |       |     8 |    23 ||    31

Table legend: (Time is in decaauts)
 A = Elapsed time spent in this place.
 B = Non-inter-level travel time spent in this place.
 C = Inter-level travel time spent in this place.
 D = Time resting spent in this place.
 E = Time spent auto-exploring this place.
 F = Levels seen in this place.
 G = Mean time per level.
                   A        B        C        D        E       F      G
               +--------+--------+--------+--------+--------+-----+--------+
         Total |   9923 |   9568 |    355 |   2724 |   1699 |  10 |  992.3 |
       Dungeon |   9081 |   8726 |    355 |   2353 |   1659 |   8 | 1135.1 |
        Temple |    210 |    210 |      0 |    209 |      0 |   1 |  210.0 |
       Ossuary |    631 |    631 |      0 |    162 |     40 |   1 |  631.0 |
               +--------+--------+--------+--------+--------+-----+--------+

Top non-repeatable levels by time:
     D:7: 1546 daAuts
     D:6: 1477 daAuts
     D:3: 1240 daAuts
     D:8: 1053 daAuts
     D:1: 1024 daAuts
     D:2: 926 daAuts
     D:4: 919 daAuts
     D:5: 891 daAuts
 Ossuary: 631 daAuts
  Temple: 210 daAuts
